 Dungeon Crawl Stone Soup version 0.29-a0-613-gf2c431b9b9 (webtiles) character file.

Game seed: 7985309147582741638

11 Hubjo the Insei (level 2, -1/21 HPs)
             Began as a Demonspawn Transmuter on June 16, 2022.
             Slain by a jackal (2 damage)
             ... on level 1 of the Dungeon.
             The game lasted 00:00:20 (391 turns).

Hubjo the Insei (Demonspawn Transmuter)              Turns: 391, Time: 00:00:20

Health: -1/21      AC:  2    Str: 10    XL:     2   Next: 13%
Magic:  5/5        EV: 12    Int: 14    God:
Gold:   18         SH:  0    Dex: 13    Spells: 4/5 levels left

rFire   . . .      SeeInvis .     - Unarmed
rCold   . . .      Faith    .   (no shield)
rNeg    . . .      Spirit   .   a - +0 robe
rPois   .          Reflect  .   (no helmet)
rElec   .          Harm     .   (no cloak)
rCorr   .          Rampage  .   (no gloves)
Will    .....                   (no boots)
Stlth   +.........              (no amulet)
HPRegen 0.07/turn               (no ring)
MPRegen 0.09/turn               (no ring)

@: no status effects
A: weakness stinger 1
a: no special abilities


You were on level 1 of the Dungeon.
You visited 1 branch of the dungeon, and saw 1 of its levels.

You collected 18 gold pieces.

Inventory:

Armour
 a - a +0 robe (worn)
Potions
 b - a potion of lignification
 c - a potion of might {unknown}


   Skills:
 * Level 1.4 Fighting
 - Level 1.7 Dodging
 + Level 0.4 Stealth
 + Level 2.8 Unarmed Combat
 + Level 2.1 Spellcasting
 + Level 1.9 Transmutations


You had 4 spell levels left.
You knew the following spells:

 Your Spells              Type           Power      Damage    Failure   Level
a - Beastly Appendage     Tmut           12%        N/A       11%         1

Your spell library contained the following spells:

 Spells                   Type           Power      Damage    Failure   Level
 Wereblood                Tmut           6%         N/A       16%         2
 Spider Form              Tmut/Pois      4%         N/A       43%         3
 Ice Form                 Ice/Tmut       4%         N/A       83%         4


Dungeon Overview and Level Annotations

Branches:
Dungeon (1/15)

Altars:


Innate Abilities, Weirdness & Mutations

You have a small tail.


Message History

A jackal is nearby!
A jackal is nearby!
A jackal is nearby!
The jackal barks!
Unknown command.
Unknown command.
A jackal comes into view.
The jackal barks!
The jackal completely misses you. The jackal barely misses you.
The jackal completely misses you. The jackal closely misses you.
The jackal barely misses you.
The jackal bites you but does no damage.
The jackal bites you. x2
The jackal bites you but does no damage.
The jackal closely misses you. The jackal misses you.
The jackal barely misses you. The jackal bites you. x2
The jackal barely misses you. The jackal closely misses you.
The jackal barely misses you. The jackal bites you.
The jackal bites you but does no damage.
The jackal barely misses you. The jackal bites you.
The jackal closely misses you. The jackal closely misses you.
The jackal bites you.
The jackal bites you but does no damage.
The jackal closely misses you. The jackal closely misses you. x2
The jackal barely misses you. The jackal misses you. The jackal bites you.
The jackal bites you.
* * * LOW HITPOINT WARNING * * *
The jackal bites you.
* * * LOW HITPOINT WARNING * * *
The jackal barely misses you. The jackal closely misses you.
The jackal barely misses you. The jackal bites you.
* * * LOW HITPOINT WARNING * * *
The jackal bites you.
* * * LOW HITPOINT WARNING * * *
The jackal bites you.
You die...

.##.........................####
#.#.#.....................# #
#.(........................####
#..#...........†...............
#...#..........................
.....#..##.....†....####........
.... ##.##......##### #....####
# +......# #......# #.....@#
#......# #....hh# #......#
#......# #......## #.....##
########. ##.... #. #.... #.
#.... #. #.... #. ######### #.


You could see 2 jackals.

Vanquished Creatures
  A dart slug (D:1)
  2 endoplasms (D:1)
  2 hobgoblins (D:1)
  A kobold (D:1)
  2 rats (D:1)
8 creatures vanquished.

Notes
Turn   | Place    | Note
-------+----------+-------------------------------------------
     0 | D:1      | Hubjo the Demonspawn Transmuter began the quest for the
                  | Orb.
     0 | D:1      | Reached XP level 1. HP: 15/15 MP: 3/3
   281 | D:1      | Gained mutation: You have a small tail. [demonic ancestry]
   281 | D:1      | Reached XP level 2. HP: 21/21 MP: 3/5
   391 | D:1      | HP: 1/21 [jackal (1)]
   391 | D:1      | Slain by a jackal

Illustrated notes

Levels and vault maps discovered:
D:1:      dpeg_arrival_leaves_temple_mockup, layout_basic

Action                   || total
-------------------------++-------
Melee: Unarmed           ||    16
       Kick              ||     5
       Punch             ||     1
       Tailslap          ||     1
 Cast: Beastly Appendage ||     6
Armor: Robe              ||     5
Dodge: Dodged            ||    27

Table legend: (Time is in decaauts)
 A = Elapsed time spent in this place.
 B = Non-inter-level travel time spent in this place.
 C = Inter-level travel time spent in this place.
 D = Time resting spent in this place.
 E = Time spent auto-exploring this place.
 F = Levels seen in this place.
 G = Mean time per level.
                   A        B        C        D        E       F      G
               +--------+--------+--------+--------+--------+-----+--------+
         Total |    390 |    390 |      0 |      0 |    320 |   1 |  390.0 |
       Dungeon |    390 |    390 |      0 |      0 |    320 |   1 |  390.0 |
               +--------+--------+--------+--------+--------+-----+--------+

Top non-repeatable levels by time:
     D:1: 390 daAuts
